 Dungeon Crawl Stone Soup version 0.30-a0-364-gf6b3ef1049 (webtiles) character file.

Game seed: 2599908641326288234

64 Destapler the Trooper (level 4, -1/40 HPs)
             Began as a Hill Orc Fighter on Nov 15, 2022.
             Succumbed to Crazy Yiuf's poison
             ... on level 2 of the Dungeon.
             The game lasted 00:03:59 (1289 turns).

Destapler the Trooper (Hill Orc Fighter)            Turns: 1289, Time: 00:04:00

Health: -1/40      AC:  9    Str: 18    XL:     4   Next: 12%
Magic:  0/4        EV: 15    Int:  8    God:
Gold:   44         SH:  4    Dex: 10    Spells: 3/3 levels left

rFire   + . .      SeeInvis .    l - +0 spear
rCold   + . .      Faith    .    c - +0 buckler
rNeg    . . .      Spirit   .    d - +1 ring mail {rC+}
rPois   .          Reflect  .    (helmet restricted)
rElec   .          Harm     .    g - +0 cloak
rCorr   .          Rampage  .    t - +0 pair of gloves
Will    +....      Rage     3%   (no boots)
Stlth   ..........               (no amulet)
HPRegen 0.26/turn                j - ring of protection from fire
MPRegen 0.09/turn                (no ring)

@: agile, lethally poisoned (-1 -> -7)
A: horns 1, berserk 1, strong-willed 1, weak 1
a: no special abilities


You were on level 2 of the Dungeon.
You visited 1 branch of the dungeon, and saw 2 of its levels.

You collected 44 gold pieces.

Inventory:

Hand Weapons
 a - a +0 trident
 l - a +0 spear (weapon)
Armour
 b - a +0 scale mail
 c - a +0 buckler (worn)
 d - a +1 ring mail of cold resistance (worn)
 g - a +0 cloak (worn)
 q - a +0 chain mail
 t - a +0 pair of gloves (worn)
Jewellery
 j - a ring of protection from fire (left hand)
 m - an amulet of faith
 r - a ring of protection from fire
Scrolls
 e - a scroll of blinking {unknown}
 f - 4 scrolls of identify {unknown}
 h - a scroll of immolation {unknown}
 o - a scroll of teleportation {unknown}
 p - a scroll of torment {unknown}
 u - a scroll of magic mapping {unknown}
Potions
 i - a potion of mutation
 k - a potion of degeneration {unknown}
 n - a potion of curing {unknown}
 s - a potion of attraction {unknown}


   Skills:
 - Level 4.0 Fighting
 + Level 3.1 Polearms
 + Level 3.9 Armour
 + Level 4.0 Shields


You had 3 spell levels left.
You didn't know any spells.
Your spell library was empty.

Dungeon Overview and Level Annotations

Branches:
Dungeon (2/15)

Altars:

Shops:
D:2 :

Annotations:
D:2 Crazy Yiuf


Innate Abilities, Weirdness & Mutations

You have a pair of small horns on your head.
You sometimes lose your temper in combat.
You are strong-willed. (Will+)
You are weak. (Str -2)


Message History

Things that are here:
a +0 club; a goblin corpse You see here a hobgoblin corpse.
Found a hammer.
Found a runed translucent door.
As you open the door, it creaks loudly!
You hit Crazy Yiuf.
Crazy Yiuf is moderately wounded.
Crazy Yiuf closely misses you.
You hit Crazy Yiuf but do no damage.
Crazy Yiuf is moderately wounded.
Crazy Yiuf barely misses you.
You hit Crazy Yiuf.
Crazy Yiuf is heavily wounded.
Crazy Yiuf grits, "Goldfish tea sing-song!"
Crazy Yiuf hits you but does no damage.
You feel agile all of a sudden.
You hit Crazy Yiuf but do no damage.
Crazy Yiuf is heavily wounded.
Crazy Yiuf hits you with a +3 quarterstaff of chaos.
You feel your power leaking away.
You closely miss Crazy Yiuf.
Crazy Yiuf is heavily wounded.
Crazy Yiuf hits you with a +3 quarterstaff of chaos.
You are poisoned.
You hit Crazy Yiuf but do no damage.
Crazy Yiuf is heavily wounded.
You feel very sick.
Crazy Yiuf hits you with a +3 quarterstaff of chaos!
* * * LOW HITPOINT WARNING * * *
You hit Crazy Yiuf but do no damage.
Crazy Yiuf is heavily wounded.
You feel sick.
Crazy Yiuf hits you with a +3 quarterstaff of chaos!
* * * LOW HITPOINT WARNING * * *
Crazy Yiuf freezes you.
* * * LOW HITPOINT WARNING * * *
It was a potion of mutation.
You feel extremely strange. A pair of horns grows on your head!
You feel a little pissed off.
You feel weaker.
You feel strong-willed.
You die...

.###. #.#.# ##
♣♣♣♣♣##### ....#
.. ###
♣♣♣.♣......#
..... .#
#...#♣..♣.......#
#.#.#..#
#...g@♣♣♣♣......#
#.#.#..# #)..#♣♣
♣♣.....#
#.#.#..### ###
♣♣##..##
#........# #...##
.........# #....#
###.####.#
#####...## #.#
##.# #......##
#.###..# ##...###
#......# ##†##


You could see Crazy Yiuf.

Vanquished Creatures
  Terence (D:2)
  A dart slug (D:2)
  3 ball pythons
  4 bats
  5 endoplasms (D:2)
  3 giant cockroaches
  2 hobgoblins
  2 jackals (D:1)
  A frilled lizard (D:1)
  4 goblins
  8 kobolds
  A rat (D:2)
35 creatures vanquished.

Notes
Turn   | Place    | Note
-------+----------+-------------------------------------------
     0 | D:1      | Destapler the Hill Orc Fighter began the quest for the Orb.
     0 | D:1      | Reached XP level 1. HP: 19/19 MP: 1/1
   173 | D:1      | Reached XP level 2. HP: 27/27 MP: 2/2
   880 | D:2      | Reached XP level 3. HP: 33/33 MP: 3/3
  1031 | D:2      | Noticed Terence
  1039 | D:2      | Killed Terence
  1062 | D:2      | Found Kuyhoshocot's Book Shoppe.
  1106 | D:2      | Reached XP level 4. HP: 38/40 MP: 4/4
  1277 | D:2      | Found a runed translucent door.
  1278 | D:2      | Noticed Crazy Yiuf
  1288 | D:2      | HP: 1/40 [Crazy Yiuf/+3 quarterstaff of chaos (2)]
  1289 | D:2      | Gained mutation: You have a pair of small horns on your
                  | head. [potion of mutation]
  1289 | D:2      | Gained mutation: You sometimes lose your temper in combat.
                  | [potion of mutation]
  1289 | D:2      | Gained mutation: You are weak. (Str -2) [potion of
                  | mutation]
  1289 | D:2      | Gained mutation: You are strong-willed. (Will+) [potion of
                  | mutation]
  1289 | D:2      | Succumbed to Crazy Yiuf's poison

Illustrated notes

Levels and vault maps discovered:
D:1:      lemuel_arrival_behind_the_door_small, layout_basic, minmay_unequal
D:2:      layout_loops_ring, serial_shops, nicolae_shop_crystal,
          shapermc_ecumenical_altar_flowoftime, uniq_crazy_yiuf_cottage,
          uniq_terence

Skill      XL: |  1  2  3 |
---------------+----------+-----
Fighting       | 4 |  4.0
Polearms       | 3 |  3.1
Shields        | 4 |  4.0
Armour         | |  3.9

Action                   |  1- 3 |  4- 6 || total
-------------------------+-------+-------++-------
Melee: Trident           |    41 |       ||    41
       Spear             |    59 |    13 ||    72
  Use: Potion            |     1 |     1 ||     2
Armor: Scale mail        |    30 |       ||    30
       Chain mail        |    12 |       ||    12
       Ring mail         |       |     1 ||     1
Dodge: Dodged            |    31 |     2 ||    33
Block: Buckler           |    11 |     1 ||    12

Table legend: (Time is in decaauts)
 A = Elapsed time spent in this place.
 B = Non-inter-level travel time spent in this place.
 C = Inter-level travel time spent in this place.
 D = Time resting spent in this place.
 E = Time spent auto-exploring this place.
 F = Levels seen in this place.
 G = Mean time per level.
                   A        B        C        D        E       F      G
               +--------+--------+--------+--------+--------+-----+--------+
         Total |   1297 |   1226 |     71 |      0 |    927 |   2 |  648.5 |
       Dungeon |   1297 |   1226 |     71 |      0 |    927 |   2 |  648.5 |
               +--------+--------+--------+--------+--------+-----+--------+

Top non-repeatable levels by time:
     D:1: 884 daAuts
     D:2: 412 daAuts
